 Dungeon Crawl Stone Soup version 0.30-a0-743-gbfdf073431 (webtiles) character file.

Game seed: 10637456953832003318

415 hikkokomori the Slasher (level 6, -6/50 HPs)
             Began as a Demonspawn Gladiator on Feb 7, 2023.
             Killed by nerve-wracking pain
             ... invoked by an orc priest
              (12 damage)
             ... on level 7 of the Dungeon.
             The game lasted 00:05:09 (3371 turns).

hikkokomori the Slasher (Demonspawn Gladiator)      Turns: 3371, Time: 00:05:10

Health: -6/50      AC: 10    Str: 20    XL:     6   Next: 60%
Magic:  6/6        EV: 12    Int: 10    God:
Gold:   107        SH:  0    Dex: 16    Spells: 5/5 levels left

rFire   . . .      SeeInvis .    a - +0 long sword
rCold   + . .      Faith    .    (no shield)
rNeg    . . .      Spirit   .    c - +3 leather armour {rC+}
rPois   .          Reflect  .    o - +2 helmet
rElec   .          Harm     .    (no cloak)
rCorr   .          Rampage  .    (no gloves)
Will    .....                    (no boots)
Stlth   ++                       (no amulet)
HPRegen 0.28/turn                f - +6 ring of strength
MPRegen 0.20/turn                (no ring)

@: no status effects
A: hooves 1, rugged brown scales 1, magic regeneration
a: no special abilities


You were on level 7 of the Dungeon.
You visited 1 branch of the dungeon, and saw 5 of its levels.

You collected 164 gold pieces.
You spent 57 gold pieces at shops.

Inventory:

Hand Weapons
 a - a +0 long sword (weapon)
Missiles
 e - a javelin (quivered)
 n - a throwing net
Armour
 b - a +0 leather armour
 c - a +3 leather armour of cold resistance (worn)
 o - a +2 helmet (worn)
Jewellery
 f - a +6 ring of strength (left hand)
Wands
 d - a wand of digging (2)
Scrolls
 g - a scroll of noise {unknown}
 i - 2 scrolls of enchant armour {unknown}
 k - a scroll of blinking {unknown}
 l - a scroll of magic mapping
 p - a scroll of silence {unknown}
 q - a scroll of fear {unknown}
Potions
 h - a potion of lignification {unknown}
 m - a potion of ambrosia
 r - 2 potions of degeneration
 s - a potion of flight {unknown}


   Skills:
 + Level 4.3 Fighting
 + Level 4.5 Long Blades
 - Level 1.7 Throwing
 - Level 2.6 Dodging
 + Level 3.7 Stealth


You had 5 spell levels left.
You didn't know any spells.
Your spell library contained the following spells:

 Spells                   Type           Power      Damage    Failure   Level
 Apportation              Tloc           0%         N/A       41%         1
 Necrotise                Necr           0%         1d4       41%         1
 Sting                    Tmut/Pois      0%         1d3       41%         1
 Summon Small Mammal      Summ           0%         N/A       41%         1
 Poisonous Vapours        Pois/Air       0%         N/A       56%         2
 Sublimation of Blood     Necr           0%         N/A       56%         2
 Wereblood                Tmut           0%         N/A       56%         2
 Olgreb's Toxic Radiance  Pois           0%         N/A       99%         4
 Summon Hydra             Summ           0%         N/A       100%        7


Dungeon Overview and Level Annotations

Branches:
Dungeon (7/15)
 Temple: D:4-7

Altars:
Ashenzari
Wu Jian

Shops:
D:3 !?(


Innate Abilities, Weirdness & Mutations

You have large cloven feet.
You are partially covered in rugged brown scales. (AC +1, +3% HP)
You regenerate magic rapidly.


Message History

The orc warrior seems to slow down.
The orc warrior is moderately wounded.
The orc priest calls down the wrath of Beogh upon you.
Beogh smites you!
* * * LOW HITPOINT WARNING * * *
Throw: 2 darts (curare)
Press: ? - help, Shift-Dir - straight line, f/p - orc warrior
Aim: an orc warrior, wielding a +0 flail and wearing a +0 plate armour (severely wounded, very poisoned, slow, 62% to hit)
You throw a curare-tipped dart.
The curare-tipped dart hits the orc warrior.
The orc warrior looks as sick as possible!
The orc warrior convulses.
The orc warrior seems to be slow for longer.
The orc warrior is severely wounded.
You kill the orc warrior!
Your life force feels restored.
Throw: dart (curare)
Press: ? - help, Shift-Dir - straight line, f - orc priest
Aim: an orc priest, wielding a +0 club and wearing a +0 leather armour (moderately wounded, 62% to hit)
You throw a curare-tipped dart.
The curare-tipped dart hits the orc priest.
The orc priest is poisoned.
The orc priest convulses.
The orc priest seems to slow down.
The orc priest is severely wounded.
The orc priest hits you with a +0 club.
* * * LOW HITPOINT WARNING * * *
You completely miss the orc priest.
The orc priest is severely wounded.
The orc priest hits you with a +0 club.
* * * LOW HITPOINT WARNING * * *
You barely miss the orc priest. Your kick misses the orc priest.
The orc priest is severely wounded.
The orc priest hits you but does no damage.
You hit the orc priest. Your kick misses the orc priest.
The orc priest is almost dead.
You barely miss the orc priest.
The orc priest is almost dead.
The orc priest invokes the aid of Beogh against you.
Pain shoots through your body!
You die...

##### #...## ### #..... ..#
#..># #.# ### ...### #.# #..
##...########.# #.# #
..............# #.#####.####
...[.########.####.##)......#
##...#######....@o..(.#
##............####.####
##...#######..# #... ######
#..# ##### # #.... # #...##
#...# ....# #...#


You could see an orc priest (poisoned, slow).

Vanquished Creatures
  An orc warrior (D:7)
  A bullfrog (D:7)
  A necrophage (D:7)
  A killer bee (D:7)
  Ijyb (D:2)
  Robin (D:3)
  4 adders
  2 white imps
  A worm (D:2)
  2 dart slugs (D:1)
  3 orcs
  4 endoplasms
  2 giant cockroaches
  5 goblins
  8 hobgoblins
  4 jackals (D:3)
  A quokka (D:3)
  5 ball pythons
  4 bats
  2 frilled lizards (D:1)
  4 kobolds
  8 rats
65 creatures vanquished.

Notes
Turn   | Place    | Note
-------+----------+-------------------------------------------
     0 | D:1      | hikkokomori the Demonspawn Gladiator began the quest for
                  | the Orb.
     0 | D:1      | Reached XP level 1. HP: 16/16 MP: 1/1
   163 | D:1      | Gained mutation: You regenerate magic rapidly. [demonic
                  | ancestry]
   163 | D:1      | Reached XP level 2. HP: 22/22 MP: 2/2
   308 | D:1      | Reached skill level 1 in Stealth
   869 | D:2      | Reached XP level 3. HP: 28/28 MP: 3/3
  1791 | D:3      | Noticed Robin
  1850 | D:3      | Noticed Ijyb
  1960 | D:2      | Killed Ijyb
  1961 | D:2      | Gained mutation: You have large cloven feet. [demonic
                  | ancestry]
  1961 | D:2      | Reached XP level 4. HP: 4/35 MP: 4/4
  2099 | D:3      | Killed Robin
  2424 | D:3      | Found Keotojiu's Magic Scroll Emporium.
  2440 | D:3      | Bought a scroll of identify for 24 gold pieces
  2449 | D:3      | Found Nizyma's Weapon Boutique.
  2493 | D:3      | Gained mutation: You are partially covered in rugged brown
                  | scales. (AC +1, +3% HP) [demonic ancestry]
  2493 | D:3      | Reached XP level 5. HP: 31/42 MP: 5/5
  2612 | D:3      | Found a faded altar of an unknown god.
  2688 | D:3      | Found Apesh's Distillery.
  2696 | D:3      | Bought a potion of curing for 33 gold pieces
  2979 | D:4      | You fall into a shaft and drop 3 floors!
  3030 | D:7      | Found a broken altar of Ashenzari.
  3030 | D:7      | Found an ornate altar of the Wu Jian Council.
  3094 | D:7      | Noticed a steam dragon
  3249 | D:7      | Reached XP level 6. HP: 28/48 MP: 6/6
  3348 | D:7      | Noticed an orc warrior
  3365 | D:7      | Killed an orc warrior
  3371 | D:7      | Killed from afar by an orc priest

Illustrated notes

Levels and vault maps discovered:
D:1:      minmay_arrival_shattered_statue, layout_basic, kennysheep_minor_cross
D:2:      layout_loops_corners
D:3:      layout_basic, serial_shops, nicolae_diamond_shop,
          nicolae_shop_temple_entry_statues_fountains,
          nicolae_shop_temple_entry_statues_fountains,
          shapermc_ecumenical_altar_mp_vishouse, minmay_splitting_lines,
          nicolae_goblin_pals
D:4:      layout_basic, uniq_ijyb
D:7:      layout_loops_ring, chequers_temple_overflow_statue_of_worship,
          minivault_4

Skill      XL: |  1  2  3  4  5 |
---------------+----------------+-----
Long Blades    | 3 4 |  4.5
Stealth        | 1 2 3 |  3.7
Fighting       | 3 4 |  4.3
Throwing       | |  1.7
Dodging        | |  2.6

Action                     |  1- 3 |  4- 6 || total
---------------------------+-------+-------++-------
  Melee: Long sword        |   132 |   114 ||   246
         Punch             |     1 |     1 ||     2
         Kick              |       |    30 ||    30
  Throw: Throwing net      |     3 |       ||     3
         Dart              |       |     3 ||     3
  Evoke: Wand              |       |     1 ||     1
    Use: Scroll            |       |     6 ||     6
         Potion            |       |     1 ||     1
   Stab: Sleeping          |     3 |     2 ||     5
         Held in net/web   |     2 |       ||     2
 Armour: Leather armour    |    46 |    40 ||    86
  Dodge: Dodged            |    75 |    78 ||   153

Table legend: (Time is in decaauts)
 A = Elapsed time spent in this place.
 B = Non-inter-level travel time spent in this place.
 C = Inter-level travel time spent in this place.
 D = Time resting spent in this place.
 E = Time spent auto-exploring this place.
 F = Levels seen in this place.
 G = Mean time per level.
                   A        B        C        D        E       F      G
               +--------+--------+--------+--------+--------+-----+--------+
         Total |   3429 |   3328 |    101 |    389 |   2194 |   5 |  685.8 |
       Dungeon |   3429 |   3328 |    101 |    389 |   2194 |   5 |  685.8 |
               +--------+--------+--------+--------+--------+-----+--------+

Top non-repeatable levels by time:
     D:2: 1283 daAuts
     D:3: 900 daAuts
     D:1: 845 daAuts
     D:7: 400 daAuts
